 Dungeon Crawl Stone Soup version 0.30.0-15-g856e2d3f33 (webtiles) character file.

Game seed: 16820624316827302058

19 qw the Shield-Bearer (level 2, -1/19 HPs)
             Began as a Gargoyle Fighter on May 19, 2023.
             Slain by Sigmund
             ... wielding a +0 scythe
              (4 damage)
             ... on level 2 of the Dungeon.
             The game lasted 00:00:29 (1004 turns).

qw the Shield-Bearer (Gargoyle Fighter)             Turns: 1004, Time: 00:00:30

Health: -1/19      AC: 10    Str: 19    XL:     2   Next: 75%
Magic:  2/2        EV:  9    Int:  8    God:
Gold:   64         SH:  4    Dex:  9    Spells: 1/1 levels left

rFire   . . .        Y - +0 war axe
rCold   . . .        c - +0 buckler
rNeg    + . .        b - +0 scale mail
rPois   inf          (no helmet)
rElec   +            (no cloak)
rCorr   .            (no gloves)
SInv    .            f - +0 pair of boots
Will    .....        (no amulet) Stlth
                     (no ring)
HPRegen 0.23/turn    (no ring)
MPRegen 0.08/turn

%: no passive effects
@: no status effects
A: sickness immunity, AC +2, negative energy resistance 1, electricity
resistance, torment resistance 1, petrification resistance
a: no special abilities


You were on level 2 of the Dungeon.
You visited 1 branch of the dungeon, and saw 2 of its levels.

You collected 64 gold pieces.


Innate Abilities, Weirdness & Mutations

You are immune to sickness and miasma.
Your stone body is resilient. (AC +2)
You are immune to poison.
You resist negative energy. (rN+)
You are resistant to electric shocks. (rElec)
You are resistant to unholy torment.
You are immune to petrification.


   Skills:
 - Level 3.2 Fighting
 + Level 2.9 Axes
 - Level 3.2 Armour
 - Level 3.2 Shields


You had one spell level left.
You didn't know any spells.
Your spell library was empty.

Inventory:

Hand Weapons
 i - a +0 flail
 Y - a +0 war axe (weapon)
Armour
 b - a +0 scale mail (worn)
 c - a +0 buckler (worn)
 f - a +0 pair of boots (worn)
Scrolls
 h - a scroll of teleportation {unknown}
Potions
 a - 2 potions of curing {unknown}
 d - a potion of might
 e - a potion of lignification {unknown}
 j - a potion of ambrosia {unknown}
 k - a potion of brilliance {unknown}

Dungeon Overview and Level Annotations

Branches:
Dungeon (2/15)

Altars:

Shops:
D:2 ?

Annotations:
D:2 Sigmund


Message History

Sigmund is lightly wounded.
Sigmund barely misses you. Sigmund hits you with a +0 scythe.
You hit Sigmund.
Sigmund is moderately wounded.
Sigmund hits you with a +0 scythe. The adder barely misses you.
You closely miss Sigmund.
Sigmund is moderately wounded.
You slash the adder!
Sigmund flickers, as though insubstantial.
You block Sigmund's attack. The adder bites you.
You hit the adder.
The adder is severely wounded.
You slash Sigmund! Sigmund gestures at you while chanting.
You resist with significant effort. The adder bites you.
Sigmund barely misses you. The adder barely misses you.
You closely miss Sigmund.
Sigmund is severely wounded.
You miss the adder. Sigmund hits you but does no damage. The adder misses you.
The adder completely misses you.
You closely miss Sigmund.
Sigmund is severely wounded.
You completely miss the adder. Sigmund hits you with a +0 scythe.
The adder bites you.
Sigmund gestures wildly while chanting.
Sigmund flickers and vanishes!
Deactivating autopickup; reactivate with Ctrl-A.
You miss the adder.
The adder is severely wounded.
You miss something. The adder bites you but does no damage.
Something hits you but does no damage. The adder bites you but does no damage.
You slash the adder!
You kill the adder!
You miss something.
You hear some strange, mumbled words.
Something tries to affect you, but you resist.
Something hits you.
You die...

... ....# ####
.....##########.....
.............#........
#..#.....####...#.#
...............)@{K#
.............>.....##
...........#........#
.<........#..######..#
..........#.## ....
............######
.##.
.......#......~~~~# ..
..............~\[.. .#
..............~~~~.


You could see a kobold.

Vanquished Creatures
  An adder (D:2)
  An orc (D:2)
  2 endoplasms
  2 hobgoblins (D:2)
  3 kobolds
  2 ball pythons (D:2)
  3 bats
  2 frilled lizards
  A goblin (D:1)
  2 rats
19 creatures vanquished.

Notes
Turn   | Place    | Note
-------+----------+-------------------------------------------
     0 | D:1      | qw the Gargoyle Fighter began the quest for the Orb.
     0 | D:1      | Reached XP level 1. HP: 14/14 MP: 1/1
     0 | D:1      | 0 ||| qw: Version: 0.2-a-96-g8eb1148
     0 | D:1      | 0 ||| qw: Game counter: 22
     0 | D:1      | 0 ||| qw: Always use a shield: true
     0 | D:1      | 0 ||| qw: God list: Okawaru
     0 | D:1      | 0 ||| qw: Allow faded altars: false
     0 | D:1      | 0 ||| qw: Do Orc after D:15 true
     0 | D:1      | 0 ||| qw: Do second Lair branch before Depths: true
     0 | D:1      | 0 ||| qw: Lair rune preference: random
     0 | D:1      | 0 ||| qw: Plans: Normal, Zot:1-4, God:TSO, Crypt, Tomb,
                  | Pan, Slime:5, Hells, Abyss, Win
     0 | D:1      | 0 ||| PLANNING D:1-11
   564 | D:1      | 564 ||| UPGRADING to +0 pair of boots.
   569 | D:1      | 569 ||| READING scroll labelled WUSUYTTYLESM.
   670 | D:1      | 670 ||| READING scroll labelled KEDEFR ROPNAIJ.
   671 | D:1      | 671 ||| DRINKING 2 fizzy golden potions.
   776 | D:1      | 776 ||| DROPPING potion of berserk rage.
   795 | D:2      | 795 ||| STAIRDANCE
   799 | D:2      | 799 ||| STAIRDANCE
   803 | D:2      | 803 ||| STAIRDANCE
   810 | D:1      | Reached XP level 2. HP: 19/19 MP: 2/2
   812 | D:2      | 812 ||| STAIRDANCE
   827 | D:2      | 827 ||| STAIRDANCE
   831 | D:2      | 831 ||| STAIRDANCE
   835 | D:2      | 835 ||| STAIRDANCE
   839 | D:2      | 839 ||| STAIRDANCE
   843 | D:2      | 843 ||| STAIRDANCE
   847 | D:2      | 847 ||| STAIRDANCE
   851 | D:2      | 851 ||| STAIRDANCE
   855 | D:2      | 855 ||| STAIRDANCE
   859 | D:2      | 859 ||| STAIRDANCE
   863 | D:2      | 863 ||| STAIRDANCE
   867 | D:2      | 867 ||| STAIRDANCE
   871 | D:2      | 871 ||| STAIRDANCE
   875 | D:2      | 875 ||| STAIRDANCE
   879 | D:2      | 879 ||| STAIRDANCE
   883 | D:2      | 883 ||| STAIRDANCE
   887 | D:2      | 887 ||| STAIRDANCE
   944 | D:2      | Found Nucuegh's Magic Scroll Shop.
   981 | D:2      | 981 ||| Stepping ~*~*~tactically~*~*~ (stealth).
   988 | D:2      | 988 ||| DROPPING +0 whip.
   989 | D:2      | Noticed Sigmund
   990 | D:2      | 990 ||| Stepping ~*~*~tactically~*~*~ (hiding).
   992 | D:2      | 992 ||| Stepping ~*~*~tactically~*~*~ (hiding).
   993 | D:2      | 993 ||| Stepping ~*~*~tactically~*~*~ (hiding).
  1000 | D:2      | HP: 4/19 [adder (2)]
  1004 | D:2      | Slain by Sigmund

Levels and vault maps discovered:
D:1:      spicycebolla_arrival_ecumenical, layout_basic, minmay_misc_feat_alley
D:2:      layout_rooms, serial_shops, nicolae_shop_peninsula, uniq_sigmund

Skill      XL: |  1 |
---------------+----+-----
Axes           | 2 |  2.9
Fighting       | |  3.2
Armour         | |  3.2
Shields        | |  3.2

Action                     || total
---------------------------++-------
  Melee: War axe           ||    56
    Use: Scroll            ||     2
         Potion            ||     1
 Armour: Scale mail        ||    35
  Dodge: Dodged            ||    34
  Block: Buckler           ||     6

Table legend:
 A = Non-vault XP
 B = Vault XP
 C = Vault XP percentage of total XP
 D = Non-vault monster count
 E = Vault monster count
 F = Vault count percentage of total count
                 A         B        C        D         E       F
            +---------+---------+-------+---------+---------+-------
      Total |      41 |       0 |   0.0 |      19 |       0 |   0.0
            +---------+---------+-------+---------+---------+-------
        D:1 |      12 |       0 |   0.0 |       8 |       0 |   0.0
        D:2 |      29 |       0 |   0.0 |      11 |       0 |   0.0
            +---------+---------+-------+---------+---------+-------
